 Dungeon Crawl Stone Soup version 0.19.5 (webtiles) character file.

7131 Mizofix the Basher (level 10, -16/104 HPs)
             Began as a Troll Berserker on May 7, 2017.
             Was an Elder of Trog.
             Demolished by a hill giant
             ... wielding a +0 giant club
              (30 damage)
             ... on level 10 of the Dungeon on May 12, 2017.
             The game lasted 00:38:27 (6660 turns).

Mizofix the Basher (Troll Berserker)                Turns: 6660, Time: 00:38:27

Health: -16/104    AC:  6    Str: 30    XL:     10   Next: 85%
Magic:  9/9        EV: 13    Int:  6    God:    Trog [****..]
Gold:   77         SH:  0    Dex:  9    Spells: 0 memorised, 9 levels left

rFire  . . .     SeeInvis .     t - +4 dire flail (protect)
rCold  . . .     Gourm    +     b - +0 animal skin
rNeg   . . .     Faith    .     (shield currently unavailable)
rPois  .         Spirit   .     C - +1 hat
rElec  .         Reflect  .     (no cloak)
rCorr  .         Harm     .     (gloves unavailable)
MR     +....                    (boots unavailable)
Stlth  +.........               D - amulet of inaccuracy (curse)
                                u - ring of protection from magic
                                B - +3 ring of intelligence

@: no status effects
A: unfitting armour, claws 3, fast metabolism 3, gourmand, regeneration 1,
shaggy fur 1, tough skin 2
a: Berserk, Trog's Hand, Brothers in Arms, Burn Spellbooks, Renounce Religion


You were on level 10 of the Dungeon.
You worshipped Trog.
Trog was greatly pleased with you.
You were not hungry.

You visited 1 branch of the dungeon, and saw 10 of its levels.

You collected 77 gold pieces.

Inventory:

Hand Weapons
 a - a +0 mace
 k - a +0 shortbow
 t - a +4 dire flail of protection (weapon)
Missiles
 m - 15 arrows
Armour
 b - a +0 animal skin (worn)
 C - a +1 hat (worn)
Jewellery
 u - a ring of protection from magic (right claw)
 B - a +3 ring of intelligence (left claw)
 D - a cursed amulet of inaccuracy (around neck)
Scrolls
 c - a scroll of blinking {unknown}
 d - 2 scrolls of remove curse
 e - 2 scrolls of immolation
 i - 3 scrolls of amnesia
 n - a scroll of enchant armour
 q - a scroll of identify
 r - a scroll of magic mapping
 v - a scroll of enchant weapon
Potions
 f - a potion of heal wounds
 g - a potion of curing {unknown}
 h - 2 potions of haste
 o - 3 potions of degeneration {unknown}
 s - a potion of lignification {unknown}
 w - a potion of agility {unknown}
 x - 3 potions of might
 E - a potion of mutation {unknown}
Books
 y - a book of Frost

   Spells                             Type                      Level
   a - Freeze                         Ice                          1
   b - Throw Frost                    Conjuration/Ice              2
   c - Ozocubu's Armour               Charms/Ice                   3
   d - Throw Icicle                   Conjuration/Ice              4
   e - Summon Ice Beast               Ice/Summoning                4
   Trog disapproves of the use of such an item.
Comestibles
 j - 2 fruits
 p - 5 meat rations
 z - a slice of pizza
 A - a bread ration


   Skills:
 * Level 8.0 Fighting
 + Level 10.1 Maces & Flails
 * Level 8.2 Dodging
 - Level 0.5 Stealth


You had 9 spell levels left.
You didn't know any spells.

Dungeon Overview and Level Annotations

Branches:
Dungeon (10/15)            Temple (0/1) D:6
   Lair: D:8-11         Orc: D:9-12

Altars:
Cheibriados
Dithmenos
Okawaru
Sif Muna
Uskayaw
Xom
Yredelemnul

Shops:
D:6 *

Annotations:
D:4 1 runed door
D:9 Sanvar's ghost, novice HuAr


Innate Abilities, Weirdness & Mutations

You are too large for most types of armour.
You have claws for hands.
Your metabolism is lightning-fast.
You like to eat raw meat.
Your natural rate of healing is unusually fast.
You are covered in fur. (AC +1)
You have very tough skin. (AC +2)


Message History

* * * LOW HITPOINT WARNING * * *
The orc wizard hits you with a dagger.
* * * LOW HITPOINT WARNING * * *
The orc wizard hits you with a dagger.
* * * LOW HITPOINT WARNING * * *
The orc wizard closely misses you.
You see here 15 gold pieces.
The orc wizard mumbles some strange words.
The orc wizard blinks!
The orc wizard barely misses you. The orc wizard casts a spell at you.
The magic dart hits you!
* * * LOW HITPOINT WARNING * * *
The orc wizard points at you and mumbles some strange words.
The magic dart hits you!
* * * LOW HITPOINT WARNING * * *
The hill giant barely misses you.
There is a stone staircase leading up, spattered with blood here.
The orc wizard hits you but does no damage.
The hill giant hits you with a giant club!!
You die...

#....)....#
#.........#
#...$.....#
#.........#
#.........#
#.........#########
#####....o.....(..#
#....Co$......#
#....@o.......#
...........o....#
##.......(......#
................#
.#..............#
#.[............#
...#....)..######
.###.#####.#


You could see a hill giant, 2 orc wizards and 2 orcs.

Vanquished Creatures
  Gastronok (D:9)
  Pikel (D:6)
  Maurice (D:9)
  The ghost of raetorn the Covert, a novice VSAs (D:5)
  A troll (D:9)
  Grinder (D:5)
  Sigmund (D:5)
  Grum (D:8)
  Edmund (D:4)
  A hornet zombie (D:9)
  An ice beast (D:8)
  A black bear (D:8)
  4 orc warriors
  4 slaves (D:6)
  5 phantoms
  2 wolves (D:8)
  A centaur (D:9)
  5 ogres
  Blork the orc (D:6)
  2 bullfrogs
  A wyvern zombie (D:6)
  3 scorpions
  A water moccasin skeleton (D:7)
  9 wights
  2 howler monkeys
  A quasit (D:7)
  4 hounds
  6 orc priests
  2 jellies
  4 orc wizards
  A bullfrog skeleton (D:8)
  A gnoll shaman (D:7)
  4 iguanas
  5 worker ants
  A worker ant zombie (D:9)
  7 gnolls (D:7)
  6 adders
  2 oozes
  An adder zombie (D:5)
  2 worms
  2 leopard geckos (D:5)
  16 orcs
  3 bats
  5 giant cockroaches
  4 goblins
  5 hobgoblins
  8 jackals
  4 kobolds
  A frilled lizard (D:3)
  A leopard gecko skeleton (D:4)
  2 rats (D:2)
150 creatures vanquished.

Vanquished Creatures (others)
  An orc (D:10)
1 creature vanquished.

Grand Total: 151 creatures vanquished

Notes
Turn   | Place    | Note
-------+----------+-------------------------------------------
     0 | D:1      | Mizofix the Troll Berserker began the quest for the Orb.
     0 | D:1      | Reached XP level 1. HP: 22/22 MP: 0/0
   219 | D:2      | Reached skill level 3 in Maces & Flails
   358 | D:2      | Reached XP level 2. HP: 23/29 MP: 1/1
   463 | D:2      | Reached XP level 3. HP: 32/36 MP: 2/2
   598 | D:2      | Reached ** piety under Trog
   938 | D:3      | Noticed a bullfrog
   953 | D:3      | Killed a bullfrog
   953 | D:3      | Reached XP level 4. HP: 8/45 MP: 3/3
  1151 | D:3      | Reached skill level 4 in Maces & Flails
  1174 | D:3      | Reached XP level 5. HP: 11/53 MP: 4/4
  1746 | D:4      | Found a runed door.
  1975 | D:4      | Found an iron altar of Okawaru.
  1978 | D:4      | Noticed Edmund
  2084 | D:4      | Reached XP level 6. HP: 44/61 MP: 5/5
  2211 | D:4      | Found a hide-covered altar of Uskayaw.
  2442 | D:4      | Killed Edmund
  2442 | D:4      | Reached skill level 5 in Maces & Flails
  2523 | D:5      | Entered Level 5 of the Dungeon
  2539 | D:5      | Noticed raetorn's ghost (novice VSAs)
  2655 | D:5      | Reached XP level 7. HP: 54/68 MP: 6/6
  2736 | D:5      | Found a shadowy altar of Dithmenos.
  2805 | D:5      | Killed raetorn's ghost
  2805 | D:5      | Reached skill level 6 in Maces & Flails
  2805 | D:5      | Reached XP level 8. HP: 65/79 MP: 7/7
  3018 | D:5      | Noticed Sigmund
  3033 | D:5      | Killed Sigmund
  3033 | D:5      | Reached *** piety under Trog
  3033 | D:5      | Reached skill level 5 in Dodging
  3201 | D:5      | Noticed Grinder
  3213 | D:5      | Killed Grinder
  3213 | D:5      | Reached skill level 5 in Fighting
  3341 | D:6      | Reached skill level 7 in Maces & Flails
  3417 | D:6      | Noticed Pikel
  3430 | D:6      | Reached XP level 9. HP: 52/89 MP: 8/8
  3433 | D:6      | Killed Pikel
  3560 | D:6      | Noticed Blork the orc
  3578 | D:6      | Killed Blork the orc
  3655 | D:6      | Found a staircase to the Ecumenical Temple.
  3669 | D:6      | Reached skill level 8 in Maces & Flails
  3797 | D:6      | Found Kafimodi's Assorted Antiques.
  4099 | D:6      | Received a gift from Trog
  4979 | D:7      | Found a deep blue altar of Sif Muna.
  5623 | D:8      | Reached XP level 10. HP: 79/102 MP: 9/9
  5631 | D:8      | Noticed Maurice
  5816 | D:8      | Reached skill level 9 in Maces & Flails
  5876 | D:8      | Noticed Grum
  5899 | D:8      | Killed Grum
  6015 | D:8      | Found a basalt altar of Yredelemnul.
  6120 | D:9      | Killed Maurice
  6262 | D:9      | Reached **** piety under Trog
  6288 | D:9      | Noticed Gastronok
  6299 | D:9      | Killed Gastronok
  6377 | D:9      | Reached skill level 10 in Maces & Flails
  6471 | D:9      | Found a snail-covered altar of Cheibriados.
  6471 | D:9      | Found a shimmering altar of Xom.
  6593 | D:9      | Noticed Sanvar's ghost (novice HuAr)
  6628 | D:10     | Entered Level 10 of the Dungeon
  6628 | D:10     | Noticed a hill giant
  6660 | D:10     | Demolished by a hill giant

Skill      XL: |  1  2  3  4  5  6  7  8  9 10 |
---------------+-------------------------------+-----
Maces & Flails | 3 4 5 6 7 8 10 | 10.1
Fighting       | 3 4 5 7 8 |  8.0
Dodging        | 3 4 5 6 8 |  8.2
Stealth        | |  0.5

Action                   |  1- 3 |  4- 6 |  7- 9 | 10-12 || total
-------------------------+-------+-------+-------+-------++-------
Melee: Mace              |    85 |   152 |       |       ||   237
       Dire flail        |       |    18 |   333 |   146 ||   497
Invok: Berserk           |     2 |     3 |     7 |     6 ||    18
  Use: Scroll            |       |       |    11 |     4 ||    15
       Potion            |       |       |       |     1 ||     1
  Eat: Chunk             |     2 |    13 |    30 |    12 ||    57
       Bread ration      |     1 |     2 |       |     1 ||     4
       Fruit             |       |     2 |       |       ||     2
       Pizza             |       |       |       |     2 ||     2
Armor: Animal skin       |    42 |    47 |    87 |    43 ||   219
Dodge: Dodged            |    66 |    82 |   161 |   107 ||   416
